 Dungeon Crawl Stone Soup version 0.24-a0-769-g368c1644f8 (webtiles) character file.

Game seed: 12208158799221820282, levelgen mode: deterministic

1411 Freitmort the Magician (level 8, -4/42 HPs)
             Began as a Deep Elf Fire Elementalist on Oct 4, 2019.
             Was an Initiate of Vehumet.
             Shot with an arrow by a centaur (10 damage)
             ... on level 5 of the Dungeon.
             The game lasted 00:28:09 (6484 turns).

Freitmort the Magician (Deep Elf Fire Elementalist) Turns: 6484, Time: 00:28:13

Health: -4/42      AC:  3    Str:  7    XL:     8   Next: 43%
Magic:  3/20       EV: 14    Int: 21    God:    Vehumet [......]
Gold:   172        SH:  0    Dex: 15    Spells: 3/21 levels left

rFire    . . .     SeeInvis .   i - +1 dagger (venom)
rCold    . . .     Gourm    .   (no shield)
rNeg     . . .     Faith    .   a - +0 robe
rPois    .         Spirit   .   (no helmet)
rElec    .         Reflect  .   k - +0 cloak
rCorr    .         Harm     .   (no gloves)
MR       .....                  (no boots)
Stlth    ++........             (no amulet)
HPRegen  0.14/turn              (no ring)
MPRegen  0.17/turn              (no ring)

@: no status effects
A: no striking features
a: Renounce Religion


You were on level 5 of the Dungeon.
You worshipped Vehumet.
Vehumet was noncommittal.
You were very hungry.

You visited 1 branch of the dungeon, and saw 5 of its levels.

You collected 172 gold pieces.

Inventory:

Hand Weapons
 i - a +1 dagger of venom (weapon)
Armour
 a - a +0 robe (worn)
 k - a +0 cloak (worn)
Wands
 d - a wand of flame (10)
Scrolls
 g - 3 scrolls of remove curse
 l - 3 scrolls of teleportation
Potions
 h - a potion of mutation {unknown}
 j - 2 potions of might
 n - a potion of agility {unknown}
Comestibles
 c - 7 rations


   Skills:
 + Level 0.9 Fighting
 + Level 0.5 Short Blades
 + Level 3.4 Dodging
 + Level 3.4 Stealth
 + Level 7.2 Spellcasting
 + Level 6.0 Conjurations
 + Level 6.1 Fire Magic
 * Level 1.7 Air Magic
 * Level 2.0 Poison Magic
 + Level 3.0 Evocations


You had 3 spell levels left.
You knew the following spells:

 Your Spells              Type           Power        Failure   Level  Hunger
a - Flame Tongue          Conj/Fire      ####.        1%          1    None
b - Throw Flame           Conj/Fire      ####..       1%          2    None
c - Conjure Flame         Conj/Fire      ####....     1%          3    None
d - Sticky Flame          Conj/Fire      ####....     7%          4    ###....
e - Fireball              Conj/Fire      ####......   19%         5    #####..
f - Mephitic Cloud        Conj/Pois/Air  ###.....     7%          3    None

Your spell library contained the following spells:

 Spells                   Type           Power        Failure   Level  Hunger
 Sting                    Conj/Pois      ###.         1%          1    None
 Poisonous Vapours        Pois/Air       ###...       6%          2    None
 Inner Flame              Hex/Fire       ###.....     8%          3    None
 Olgreb's Toxic Radiance  Pois           ###.....     36%         4    ###....
 Venom Bolt               Conj/Pois      ###.......   41%         5    #####..


Dungeon Overview and Level Annotations

Branches:
Dungeon (5/15)
 Temple: D:4-7

Altars:
Fedhas
Gozag
Hepliaklqana
Okawaru
Vehumet
Wu Jian


Message History

Confirm with . or Enter, or press ? or * to list all spells.
Aiming: Fireball (quite dangerous; 19% risk of failure)
Press: ? - help, Shift-Dir - straight line, f - centaur
Aim: a centaur, wielding a +0 shortbow The fireball explodes!
The fireball engulfs the centaur!
The centaur is heavily wounded.
You hear a shout!
The centaur shoots an arrow.
The arrow hits you!
Casting: Fireball (quite dangerous; 19% risk of failure)
Confirm with . or Enter, or press ? or * to list all spells.
Aiming: Fireball (quite dangerous; 19% risk of failure)
Press: ? - help, Shift-Dir - straight line, f/p - centaur
Aim: a centaur, wielding a +0 shortbow (heavily wounded)
The fireball explodes!
The fireball engulfs the centaur.
The centaur is heavily wounded.
You are feeling very hungry.
The centaur shoots an arrow.
The arrow hits you!
* * * LOW HITPOINT WARNING * * *
The centaur shoots an arrow.
The arrow hits you!
You die...

#......# #.#
#.#(.# #.
#......# #.#
#.#### #.
#......# #.#
#....# #.
######## #.#
####.# ♣. #.#
#.#♣♣.
#)######
#.....
#......#
###♣♣.
#.#(##.#######
♣.
#...@........#
#.
#c.####.####.#
#. #..# ... ##
#..# ....# #
##.## ##)#
....# ##...##
#) _...O.
#....(# #c
....#c. ..oo.
(...#.. #.oo#


You could see a centaur.

Vanquished Creatures
  Pikel (D:5)
  Grinder (D:4)
  A phantom (D:4)
  A slave (D:5)
  2 ogres
  A scorpion (D:4)
  A jelly (D:5)
  An orc priest (D:5)
  Crazy Yiuf (D:4)
  A bullfrog skeleton (D:5)
  An iguana (D:4)
  Ijyb (D:4)
  3 worker ants
  8 gnolls
  7 adders
  An ooze (D:2)
  A worm (D:2)
  3 dart slugs
  3 leopard geckos
  9 orcs
  9 bats
  9 giant cockroaches
  7 goblins
  7 hobgoblins
  4 jackals (D:3)
  2 quokkas
  2 ball pythons (D:3)
  3 frilled lizards
  7 kobolds
  6 rats
104 creatures vanquished.

Vanquished Creatures (others)
  A leopard gecko (D:5)
1 creature vanquished.

Grand Total: 105 creatures vanquished

Notes
Turn   | Place    | Note
-------+----------+-------------------------------------------
     0 | D:1      | Freitmort the Deep Elf Fire Elementalist began the quest
                  | for the Orb.
     0 | D:1      | Reached XP level 1. HP: 10/10 MP: 6/6
   161 | D:1      | Reached XP level 2. HP: 15/15 MP: 2/8
   340 | D:1      | Learned a level 2 spell: Throw Flame
   700 | D:1      | Reached XP level 3. HP: 19/19 MP: 8/10
  1267 | D:2      | Found a faded altar of an unknown god.
  1735 | D:2      | Reached XP level 4. HP: 24/24 MP: 6/11
  1960 | D:2      | Learned a level 3 spell: Conjure Flame
  1965 | D:2      | Learned a level 4 spell: Sticky Flame
  2072 | D:2      | Reached skill level 4 in Spellcasting
  2837 | D:3      | Reached XP level 5. HP: 28/28 MP: 2/13
  3023 | D:3      | Found an iron altar of Okawaru.
  3023 | D:3      | Found a radiant altar of Vehumet.
  3024 | D:3      | Found a hazy altar of Hepliaklqana.
  3032 | D:3      | Became a worshipper of Vehumet
  3575 | D:4      | Noticed a phantom
  3593 | D:4      | HP: 1/28 [phantom (7)]
  3600 | D:4      | Killed a phantom
  3600 | D:4      | Reached skill level 5 in Spellcasting
  3652 | D:4      | Reached XP level 6. HP: 32/32 MP: 7/15
  3804 | D:4      | Noticed Ijyb
  3820 | D:4      | Killed Ijyb
  4093 | D:4      | Noticed Grinder
  4429 | D:4      | Reached skill level 5 in Fire Magic
  4436 | D:4      | Learned a level 5 spell: Fireball
  4599 | D:4      | Paralysed by Grinder for 3 turns
  4651 | D:4      | Reached XP level 7. HP: 36/37 MP: 2/17
  4788 | D:4      | Killed Grinder
  4788 | D:4      | Reached skill level 6 in Spellcasting
  4788 | D:4      | Reached skill level 5 in Conjurations
  4788 | D:4      | Reached skill level 1 in Evocations
  4937 | D:4      | Found an opulent altar of Gozag.
  5373 | D:4      | Found a runed translucent door.
  5374 | D:4      | Noticed Crazy Yiuf
  5381 | D:4      | Killed Crazy Yiuf
  5496 | D:5      | Entered Level 5 of the Dungeon
  5716 | D:5      | Learned a level 3 spell: Mephitic Cloud
  5996 | D:5      | Noticed Pikel
  6007 | D:5      | Killed Pikel
  6007 | D:5      | Reached skill level 1 in Air Magic
  6007 | D:5      | Reached skill level 1 in Poison Magic
  6007 | D:5      | Reached XP level 8. HP: 30/42 MP: 1/20
  6276 | D:5      | Found a blossoming altar of Fedhas.
  6290 | D:5      | Reached skill level 7 in Spellcasting
  6355 | D:5      | Found an ornate altar of the Wu Jian Council.
  6484 | D:5      | Shot with an arrow by a centaur

Levels and vault maps discovered:
D:1:      dpeg_arrival_signposts, layout_basic, serial_co_window_serial,
          co_window_cross_1, co_window_paths_b, co_window_paths_a,
          co_window_corner_a, co_window_paths_b, co_window_cross_4,
          co_window_corner_b, co_window_unsneaky_path_b
D:2:      layout_rooms, chequers_ecumenical_altar_simple,
          kennysheep_small_spiral, minmay_misc_feat_alley,
          chequers_serial_rivers_small_b
D:3:      layout_loops_cross, chequers_temple_overflow_statue_of_worship,
          first_ration
D:4:      layout_basic, grunt_gozag_statues, gup_sewer_entry_glass, uniq_ijyb,
          uniq_crazy_yiuf_cottage, uniq_grinder
D:5:      layout_basic, old_standard_altar, kennysheep_mini_moat,
          grunt_ministairs_14, minmay_tree_intersection, uniq_pikel,
          uniq_prince_ribbit1

Skill      XL: |  1  2  3  4  5  6  7  8 |
---------------+-------------------------+-----
Fire Magic     | 4 5 6 |  6.1
Conjurations   | 2 3 4 5 6 |  6.0
Spellcasting   | 4 5 6 7 |  7.2
Stealth        | 3 |  3.4
Dodging        | 3 |  3.4
Evocations     | 3 |  3.0
Air Magic      | 1 |  1.7
Poison Magic   | 1 2 |  2.0
Fighting       | |  0.9
Short Blades   | |  0.5

Action                   |  1- 3 |  4- 6 |  7- 9 || total
-------------------------+-------+-------+-------++-------
Melee: Dagger            |       |     2 |     1 ||     3
 Cast: Flame Tongue      |    78 |    80 |    17 ||   175
       Throw Flame       |     3 |    46 |    17 ||    66
       Sticky Flame      |       |     3 |    10 ||    13
       Fireball          |       |       |     3 ||     3
  Use: Scroll            |       |     4 |     3 ||     7
       Potion            |       |     4 |       ||     4
  Eat: Chunk             |     2 |     6 |     4 ||    12
       Ration            |       |     1 |     1 ||     2
Armor: Robe              |    10 |     3 |       ||    13
Dodge: Dodged            |    27 |    19 |    10 ||    56

Table legend:
 A = Non-vault XP
 B = Vault XP
 C = Vault XP percentage of total XP
 D = Non-vault monster count
 E = Vault monster count
 F = Vault count percentage of total count
                 A         B        C        D         E       F
            +---------+---------+-------+---------+---------+-------
      Total |     929 |    1087 |  53.9 |      93 |      10 |   9.7
            +---------+---------+-------+---------+---------+-------
        D:1 |      51 |       0 |   0.0 |      23 |       0 |   0.0
        D:2 |      86 |       0 |   0.0 |      24 |       0 |   0.0
        D:3 |      84 |       0 |   0.0 |      23 |       0 |   0.0
        D:4 |     474 |     357 |  43.0 |       9 |       8 |  47.1
        D:5 |     234 |     730 |  75.7 |      14 |       2 |  12.5
            +---------+---------+-------+---------+---------+-------
